 Dungeon Crawl Stone Soup version 0.24.0-1-gfbc8707 (webtiles) character file.

Game seed: 5451300729809356720, levelgen mode: deterministic

24349 Buxparty the Covert (level 12, -1/65 HPs)
             Began as a Spriggan Assassin on Jan 1, 2020.
             Was a High Priest of Dithmenos.
             Slain by a wolf spider (17 damage)
             ... on level 14 of the Dungeon.
             The game lasted 01:03:48 (15037 turns).

Buxparty the Covert (Spriggan Assassin)            Turns: 15037, Time: 01:03:48

Health: -1/65      AC: 12    Str: 11    XL:     12   Next: 79%
Magic:  19/19      EV: 35    Int: 13    God:    Dithmenos [*****.]
Gold:   904        SH:  0    Dex: 18    Spells: 11/11 levels left

rFire    . . .     SeeInvis +   a - +4 dagger (protect)
rCold    . . .     Gourm    .   (shield restricted)
rNeg     . . .     Faith    .   O - +1 robe {MR+}
rPois    .         Spirit   .   (helmet restricted)
rElec    .         Reflect  .   Z - +1 cloak
rCorr    .         Harm     .   (gloves unavailable)
MR       ++++.                  (boots unavailable)
Stlth    +++++++++.             n - amulet of regeneration
HPRegen  0.60/turn              e - ring of protection from magic
MPRegen  0.16/turn              p - +5 ring of evasion

@: protection aura, wreathed by umbra, very quick
A: very small, unfitting armour, horns 1, see invisible, herbivore, speed 3,
slow metabolism 2, evolution 1
a: Shadow Step, Shadow Form, Renounce Religion


You were on level 14 of the Dungeon.
You worshipped Dithmenos.
Dithmenos was extremely pleased with you.
You were not hungry.

You visited 3 branches of the dungeon, and saw 16 of its levels.

You collected 943 gold pieces.
You spent 39 gold pieces at shops.

Inventory:

Hand Weapons
 a - a +4 dagger of protection (weapon)
 b - a +3 shortbow of velocity
 s - a +1 hand crossbow of flaming
 F - a +0 hunting sling
 J - a +2 dagger of protection
 W - the cursed +1 hand axe "Transmigrator" {chop, *Drain Dex+5 Stlth+}
   (You found it on level 12 of the Dungeon)

   It inflicts extra damage upon your enemies.
   It affects your dexterity (+5).
   It causes draining when unequipped.
   It makes you more stealthy.
   It has a curse placed upon it.
Missiles
 d - 45 poisoned darts (quivered)
 i - 98 sling bullets
 k - 224 arrows
 D - 26 bolts
 V - 2 atropa-tipped darts
Armour
 c - a +0 cloak
 N - a +0 robe
 O - a +1 robe of magic resistance (worn)
 Z - a +1 cloak (worn)
Jewellery
 e - a ring of protection from magic (left hand)
 l - an uncursed ring of poison resistance
 n - an amulet of regeneration (around neck)
 p - a +5 ring of evasion (right hand)
 r - an uncursed amulet of the acrobat
 P - an uncursed ring of positive energy
Wands
 o - a wand of disintegration (7)
 q - a wand of acid (4)
 Q - a wand of digging (5)
 R - a wand of random effects (61)
 S - a wand of flame (43)
 X - a wand of polymorph (5)
 Y - a wand of clouds (5)
Scrolls
 j - 4 scrolls of immolation
 m - 3 scrolls of enchant armour
 u - 3 scrolls of amnesia
 v - 2 scrolls of magic mapping {unknown}
 y - 8 scrolls of remove curse
 A - 4 scrolls of fog
 G - 5 scrolls of teleportation
 H - a scroll of fear
 K - a scroll of torment {unknown}
 M - a scroll of identify
 U - a scroll of summoning {unknown}
Potions
 g - 7 potions of lignification
 h - a potion of ambrosia {unknown}
 t - a potion of haste {unknown}
 w - 2 potions of flight
 x - 2 potions of brilliance
 z - 2 potions of curing
 B - 2 potions of agility {unknown}
 C - a potion of invisibility {unknown}
 E - 2 potions of heal wounds
 I - 2 potions of degeneration {unknown}
 L - a potion of resistance {unknown}
Comestibles
 f - 17 rations


   Skills:
 + Level 8.3 Fighting
 - Level 11.3 Short Blades
 + Level 11.2 Bows
 - Level 2.0 Throwing
 + Level 13.1 Dodging
 + Level 13.3 Stealth
 + Level 8.0 Evocations


You had 11 spell levels left.
You didn't know any spells.
Your spell library contained the following spells:

 Spells                   Type           Power        Failure   Level  Hunger
 Animate Skeleton         Necr           N/A          30%         1    ##.....
 Apportation              Tloc           #.....       30%         1    ##.....
 Confusing Touch          Hex            #.....       30%         1    ##.....
 Corona                   Hex            #......      30%         1    ##.....
 Summon Small Mammal      Summ           #...         30%         1    ##.....
 Call Imp                 Summ           #.......     43%         2    ###....
 Ensorcelled Hibernation  Hex/Ice        #.....       43%         2    ###....
 Call Canine Familiar     Summ           #.......     67%         3    ####...
 Confuse                  Hex            #.......     67%         3    ####...
 Dazzling Spray           Conj/Hex       #.....       67%         3    ####...
 Summon Guardian Golem    Hex/Summ       #.......     67%         3    ####...
 Tukima's Dance           Hex            #.......     67%         3    ####...
 Summon Ice Beast         Ice/Summ       #.......     97%         4    #####..
 Summon Lightning Spire   Summ/Air       #.......     97%         4    #####..


Dungeon Overview and Level Annotations

Branches:
Dungeon (14/15)            Temple (1/1) D:7            Lair (0/6) D:11
    Orc (1/2) D:9
 Vaults: D:13-14

Altars:
Ashenzari
Cheibriados
Dithmenos
Elyvilon
Fedhas
Gozag
Hepliaklqana
Kikubaaqudgha
Makhleb
Nemelex Xobeh
Okawaru
Qazlal
Ru
Sif Muna
Trog
Uskayaw
Vehumet
Wu Jian
Xom
Yredelemnul
Zin
The Shining One
Beogh

Shops:
D:4 ?   D:10 (

Annotations:
D:11 Erolcha, Josephine


Innate Abilities, Weirdness & Mutations

You are very small and have problems with some larger weapons.
You are too small for most types of armour.
You have supernaturally acute eyesight. (SInv)
You are a herbivore.
You cover ground extremely quickly.
You need to consume almost no food.
You have a pair of small horns on your head.
You evolve.


Message History

The wolf spider is almost dead.
You feel sick. The wolf spider completely misses you.
The wolf spider closely misses you.
You closely miss the wolf spider.
You headbutt the wolf spider, but do no damage.
The wolf spider is almost dead.
You feel sick. The wolf spider hits you!!
* * * LOW HITPOINT WARNING * * *
The wolf spider bites you but does no damage.
You closely miss the wolf spider.
The wolf spider is almost dead.
* * * LOW HITPOINT WARNING * * *
You feel sick.
You hit the wolf spider but do no damage.
The wolf spider is almost dead.
* * * LOW HITPOINT WARNING * * *
You feel sick. The wolf spider completely misses you.
The wolf spider misses you.
You feel better. The wolf spider hits you!
You die...

##########
.........#
......)..#
......s@.#
.........#
.........##
..........#
..........#
..........#
...#####..#####
...#...'......#
.. #...#(.....#


You could see a wolf spider.

Vanquished Creatures
  Frances (D:12)
  A centaur warrior (D:13)
  3 two-headed ogres
  A tengu warrior (D:13)
  2 deep trolls (D:12)
  An unseen horror (D:12)
  A deep elf mage (D:12)
  4 cyclopes
  An orc sorcerer (Orc:1)
  2 manticores
  Maurice (D:12)
  A centaur skeleton (D:10)
  A komodo dragon (D:13)
  11 trolls
  2 vampires
  8 yaks
  A human (D:7)
  2 wyverns
  3 wraiths
  A hungry ghost (D:8)
  2 hogs (D:7)
  A steam dragon (D:11)
  6 vampire mosquitoes
  Duvessa (D:7)
  A water moccasin (D:8)
  3 orc warriors (D:9)
  6 ice beasts
  2 phantoms
  10 ogres
  4 sky beasts
  3 black bears
  7 centaurs
  A crocodile (D:11)
  3 big kobolds
  Blork the orc (D:6)
  12 bullfrogs
  Dowan (D:7)
  A water moccasin zombie (D:5)
  4 scorpions
  3 killer bees (D:10)
  17 wights
  6 howler monkeys
  2 electric eels (D:12)
  6 crimson imps
  A bullfrog zombie (D:6)
  3 centaur zombies
  A quasit (D:13)
  3 bullfrog skeletons
  4 hounds
  6 jellies
  5 orc priests
  5 orc wizards
  3 iguanas
  11 worker ants
  A killer bee zombie (D:9)
  A hound zombie (D:6)
  2 hound skeletons
  A worker ant zombie (D:11)
  7 adders
  A howler monkey skeleton (D:8)
  4 shadow imps
  6 white imps (D:9)
  2 oozes
  2 adder zombies
  An adder skeleton (D:7)
  4 worms
  2 leopard geckos (D:3)
  40 orcs
  9 bats
  6 giant cockroaches
  10 goblins
  7 hobgoblins
  4 jackals (D:3)
  4 quokkas
  A ball python (D:1)
  A ball python skeleton (D:5)
  4 frilled lizards
  21 kobolds
  A quokka skeleton (D:9)
  A quokka zombie (D:6)
  5 rats
341 creatures vanquished.

Vanquished Creatures (others)
  3 orcs
  2 kobolds
5 creatures vanquished.

Grand Total: 346 creatures vanquished

Notes
Turn   | Place    | Note
-------+----------+-------------------------------------------
     0 | D:1      | Buxparty the Spriggan Assassin began the quest for the Orb.
     0 | D:1      | Reached XP level 1. HP: 10/10 MP: 2/2
   447 | D:1      | Reached XP level 2. HP: 14/14 MP: 3/3
  1197 | D:2      | Reached XP level 3. HP: 7/18 MP: 4/4
  2165 | D:2      | Reached XP level 4. HP: 22/22 MP: 5/5
  2591 | D:3      | Reached XP level 5. HP: 22/25 MP: 6/6
  3097 | D:4      | Found a sacrificial altar of Ru.
  3101 | D:4      | Found a sparkling altar of Nemelex Xobeh.
  3296 | D:4      | Reached skill level 5 in Dodging
  3355 | D:4      | Found Ihaj Por's Magic Scroll Shop.
  3357 | D:4      | Bought a scroll of remove curse for 39 gold pieces
  3636 | D:5      | Entered Level 5 of the Dungeon
  3645 | D:5      | Got a steaming mace
  3646 | D:5      | Identified the +5 mace of Doubt {crush, *Contam +Fly Int+8
                  | Dex-3} (You found it on level 5 of the Dungeon)
  3650 | D:5      | Noticed an ogre
  3653 | D:5      | Killed an ogre
  3653 | D:5      | Reached XP level 6. HP: 30/30 MP: 7/7
  3808 | D:5      | Noticed an ice beast
  3832 | D:5      | Killed an ice beast
  3832 | D:5      | Reached skill level 5 in Short Blades
  3832 | D:5      | Reached XP level 7. HP: 24/33 MP: 8/8
  3897 | D:5      | Found a stormy altar of Qazlal.
  4124 | D:5      | Found an iron altar of Okawaru.
  4126 | D:5      | Found a snail-covered altar of Cheibriados.
  4129 | D:5      | Found a white marble altar of Elyvilon.
  4130 | D:5      | Found a radiant altar of Vehumet.
  4131 | D:5      | Found an ornate altar of the Wu Jian Council.
  4132 | D:5      | Found a shimmering blue altar of Sif Muna.
  4207 | D:6      | Noticed Blork the orc
  4211 | D:6      | Killed Blork the orc
  4402 | D:5      | Reached skill level 10 in Stealth
  4457 | D:6      | Noticed a troll
  4559 | D:6      | Reached XP level 8. HP: 27/37 MP: 9/9
  4597 | D:6      | Found a blossoming altar of Fedhas.
  4715 | D:6      | Killed a troll
  5044 | D:6      | Reached skill level 10 in Dodging
  5218 | D:7      | Noticed Duvessa
  5225 | D:7      | Killed Duvessa
  5225 | D:7      | Reached skill level 1 in Bows
  5226 | D:7      | Noticed Dowan
  5256 | D:7      | Killed Dowan
  5323 | D:7      | Reached XP level 9. HP: 42/42 MP: 10/10
  5664 | D:7      | Found a staircase to the Ecumenical Temple.
  5682 | Temple   | Entered the Ecumenical Temple
  5698 | Temple   | Became a worshipper of Dithmenos the Shadowed
  6164 | D:7      | Reached skill level 5 in Bows
  6362 | D:8      | Found a burning altar of Makhleb.
  6515 | D:8      | Noticed a two-headed ogre
  6557 | D:8      | Killed a two-headed ogre
  6557 | D:8      | Reached XP level 10. HP: 51/51 MP: 11/11
  6613 | D:8      | Reached skill level 10 in Short Blades
  6658 | D:8      | Reached * piety under Dithmenos
  6801 | D:8      | Reached skill level 5 in Fighting
  7211 | D:9      | Found a roughly hewn altar of Beogh.
  7211 | D:9      | Found a staircase to the Orcish Mines.
  7355 | D:9      | Reached ** piety under Dithmenos
  7784 | D:9      | Noticed a two-headed ogre
  7789 | D:9      | Killed a two-headed ogre
  8238 | D:9      | Found a shimmering altar of Xom.
  8239 | D:9      | Found a hazy altar of Hepliaklqana.
  8239 | D:9      | Noticed an unseen horror
  8240 | D:9      | Noticed an unseen horror
  8892 | D:9      | Reached *** piety under Dithmenos
  9304 | Orc:1    | Entered Level 1 of the Orcish Mines
  9308 | Orc:1    | Noticed an orc sorcerer
  9315 | Orc:1    | Killed an orc sorcerer
  9315 | Orc:1    | Reached XP level 11. HP: 57/57 MP: 12/12
  9372 | Orc:1    | Noticed an orc sorcerer
  9373 | Orc:1    | Noticed an orc knight
  9396 | Orc:1    | Noticed an orc sorcerer
  9433 | D:10     | Entered Level 10 of the Dungeon
  9433 | D:10     | Found Biant's Antique Weapon Shoppe.
  9672 | D:10     | Reached skill level 1 in Evocations
  9688 | D:10     | Found a snail-covered altar of Cheibriados.
 10071 | D:9      | Reached **** piety under Dithmenos
 10356 | D:10     | You fall into a shaft and drop 3 floors!
 10600 | D:12     | Noticed Frances
 10613 | D:12     | Killed Frances
 10659 | D:12     | Noticed an unseen horror
 10733 | D:12     | Killed an unseen horror
 10996 | D:12     | Reached skill level 5 in Evocations
 11123 | D:12     | Got a translucent hand axe
 11131 | D:12     | Noticed a deep elf mage
 11195 | D:12     | Killed a deep elf mage
 11195 | D:12     | Reached skill level 10 in Bows
 11337 | D:12     | Reached XP level 12. HP: 63/63 MP: 17/17
 12851 | D:12     | Noticed Maurice
 12854 | D:12     | Killed Maurice
 13096 | D:11     | Identified the cursed +1 hand axe "Transmigrator" {chop,
                  | *Drain Dex+5 Stlth+} (You found it on level 12 of the
                  | Dungeon)
 13226 | D:11     | Reached ***** piety under Dithmenos
 13290 | D:11     | Noticed Erolcha
 13516 | D:11     | Noticed Josephine
 13895 | D:11     | Found a staircase to the Lair.
 14113 | D:12     | Gained mutation: Your body sometimes deteriorates upon
                  | taking damage. [potion of mutation]
 14113 | D:12     | Gained mutation: Your flesh is cold resistant. (rC+)
                  | [potion of mutation]
 14153 | D:12     | Lost mutation: Your body sometimes deteriorates upon taking
                  | damage. [potion of mutation]
 14153 | D:12     | Lost mutation: Your flesh is cold resistant. (rC+) [potion
                  | of mutation]
 14153 | D:12     | Gained mutation: Your spells are a little harder to cast,
                  | but a little more powerful. [potion of mutation]
 14153 | D:12     | Gained mutation: You are resistant to electric shocks.
                  | (rElec) [potion of mutation]
 14154 | D:12     | Lost mutation: Your spells are a little harder to cast, but
                  | a little more powerful. [potion of mutation]
 14154 | D:12     | Lost mutation: You are resistant to electric shocks.
                  | (rElec) [potion of mutation]
 14154 | D:12     | Gained mutation: You have large cloven feet. [potion of
                  | mutation]
 14154 | D:12     | Gained mutation: You are agile. (Dex +2) [potion of
                  | mutation]
 14155 | D:12     | Lost mutation: You are agile. (Dex +2) [potion of mutation]
 14155 | D:12     | Lost mutation: You have large cloven feet. [potion of
                  | mutation]
 14155 | D:12     | Gained mutation: You evolve. [potion of mutation]
 14155 | D:12     | Gained mutation: You are robust. (+10% HP) [potion of
                  | mutation]
 14155 | D:12     | Lost mutation: You are robust. (+10% HP) [potion of
                  | mutation]
 14155 | D:12     | Gained mutation: You have a pair of small horns on your
                  | head. [potion of mutation]
 14314 | D:13     | Noticed a centaur warrior
 14316 | D:13     | Killed a centaur warrior
 14429 | D:13     | Noticed a tengu warrior
 14433 | D:13     | Killed a tengu warrior
 14822 | D:14     | Noticed a vampire knight
 14922 | D:14     | Noticed a vampire knight
 14998 | D:14     | Noticed a two-headed ogre
 15020 | D:14     | Killed a two-headed ogre
 15037 | D:14     | Slain by a wolf spider

Levels and vault maps discovered:
D:1:      co_arrival_random_square_maze, layout_basic,
          corexii_hall_statues_deadend, minivault_5, minmay_tromino_v7
D:2:      cheibrodos_helix_gallery, layout_basic, serial_co_window_serial,
          co_window_cross_1, co_window_of_opportunity_a, co_window_corner_a,
          co_window_paths_a, co_window_paths_a, co_window_paths_a,
          co_window_of_opportunity_c, co_window_corner_ca, co_window_broadway_b,
          co_window_broadway_a, co_window_corner_b, co_window_paths_e,
          co_window_4corner_a, glass_columns_a, glass_columns_b,
          glass_columns_a, glass_columns_c, glass_columns_a
D:3:      layout_basic
D:4:      layout_gridville, grunt_temple_overflow_open, serial_shops,
          shop_statue, minivault_11
D:5:      layout_basic, minitemple, lemuel_doored_altar, first_ration
D:6:      layout_cave_pools, fedhas_bush_and_centaur_altar, uniq_blork_the_orc
D:7:      layout_basic, minmay_temple_entry_waves, grunt_livestock, uniq_duvessa
D:8:      layout_loops_ring, kennysheep_mini_moat
D:9:      layout_irregular_city, regret_index_temple_of_mockery, david_orc_5,
          minmay_nine_imps
D:10:     layout_rooms, serial_shops, shop, cheibriados_altar_1
D:11:     layout_rooms, lair_entry_dummy, kennysheep_donut, uniq_josephine,
          uniq_erolcha
D:12:     lemuel_troll_bridge, layout_basic, uniq_frances, uniq_maurice
D:13:     wad_cavern_with_rooms, layout_loops_ring
D:14:     layout_irregular_city, david_vaults_1, serial_park_tiny_pond,
          minmay_guarded_unrand_vampires_tooth
Temple:   eino_wide_crystal_templ
Orc:1:    layout_caves, uniq_erica, uniq_harold

Skill      XL: |  1  2  3  4  5  6  7  8  9 10 11 12 |
---------------+-------------------------------------+-----
Stealth        | 6 7 8 10 11 13 | 13.3
Dodging        | 2 3 4 5 6 7 10 11 13 | 13.1
Short Blades   | 3 4 5 6 8 9 11 | 11.3
Bows           | 1 6 8 10 11 | 11.2
Fighting       | 2 4 6 7 8 |  8.3
Evocations     | 5 8 |  8.0
Throwing       | |  2.0

Action                   |  1- 3 |  4- 6 |  7- 9 | 10-12 || total
-------------------------+-------+-------+-------+-------++-------
Melee: Dagger            |   128 |   191 |   500 |  1863 ||  2682
       Headbutt          |       |       |       |    43 ||    43
 Fire: Shortbow          |       |       |    15 |   197 ||   212
Throw: Dart              |       |       |    20 |    42 ||    62
  Use: Scroll            |       |     1 |       |    17 ||    18
       Potion            |       |       |       |     8 ||     8
 Stab: Sleeping          |    13 |     9 |    17 |    42 ||    81
       Distracted        |     1 |     1 |       |     8 ||    10
  Eat: Ration            |       |     4 |     1 |     5 ||    10
Armor: Robe              |    20 |    12 |    26 |    77 ||   135
Dodge: Dodged            |    88 |   161 |   349 |  1503 ||  2101
